 Dungeon Crawl Stone Soup version 0.30-a0-782-ge64f9170bb (webtiles) character file.

Game seed: 16329702317005093674

46 mopl the Magician (level 3, -2/21 HPs)
             Began as an Octopode Hedge Wizard on Feb 22, 2023.
             Slain by a gnoll
             ... wielding a +0 spear
              (8 damage)
             ... on level 2 of the Dungeon.
             The game lasted 00:01:52 (1472 turns).

mopl the Magician (Octopode Hedge Wizard)           Turns: 1472, Time: 00:01:52

Health: -2/21      AC:  1    Str:  9    XL:     3   Next: 66%
Magic:  4/7        EV: 13    Int: 18    God:
Gold:   133        SH:  0    Dex: 11    Spells: 5/8 levels left

rFire   . . .      SeeInvis .    a - +0 dagger
rCold   . . .      Faith    .    (no shield)
rNeg    . . .      Spirit   .    b - +0 hat
rPois   .          Reflect  .    (no amulet)
rElec   .          Harm     .    (no ring)
rCorr   .          Rampage  .    (no ring)
Will    .....                    (no ring)
Stlth   +++                      (no ring)
HPRegen 0.23/turn                (no ring)
MPRegen 0.10/turn                (no ring)
                                 (no ring)
                                 (no ring)

@: very slightly contaminated
A: almost no armour, amphibious, 8 rings, camouflage 1, gelatinous body 1,
(nimble swimmer 1), tentacles
a: no special abilities


You were on level 2 of the Dungeon.
You visited 1 branch of the dungeon, and saw 2 of its levels.

You collected 133 gold pieces.

Inventory:

Hand Weapons
 a - a +0 dagger (weapon)
Missiles
 d - 5 poisoned darts
Armour
 b - a +0 hat (worn)
 o - a +2 kite shield
Jewellery
 k - a ring of ice
Scrolls
 g - a scroll of magic mapping {unknown}
 j - a scroll of enchant armour {unknown}
 l - a scroll of fear {unknown}
 n - a scroll of amnesia {unknown}
Potions
 c - a potion of magic
 e - a potion of berserk rage {unknown}
 f - 2 potions of brilliance {unknown}
 h - a potion of lignification {unknown}
 i - a potion of invisibility {unknown}
 m - 2 potions of curing {unknown}


   Skills:
 - Level 2.0 Dodging
 - Level 2.6 Stealth
 + Level 0.2 Shields
 + Level 3.4 Spellcasting
 + Level 2.0 Conjurations
 - Level 1.0 Summonings
 + Level 2.0 Translocations


You had 5 spell levels left.
You knew the following spells:

 Your Spells              Type           Power      Damage    Failure   Level
a - Magic Dart            Conj           40%        1d5       7%          1
e - Blink                 Tloc           20%        N/A       10%         2

Your spell library contained the following spells:

 Spells                   Type           Power      Damage    Failure   Level
 Slow                     Hex            12%        N/A       16%         1
 Call Imp                 Summ           6%         N/A       16%         2
 Cigotuvi's Dreadful Rot  Necr/Pois/Air  6%         N/A       24%         2
 Mephitic Cloud           Conj/Pois/Air  5%         N/A       34%         3
 Malign Gateway           Summ/Tloc      4%         N/A       100%        7
 Summon Horrible Things   Summ           3%         N/A       100%        8


Dungeon Overview and Level Annotations

Branches:
Dungeon (2/15)

Altars:
Makhleb


Innate Abilities, Weirdness & Mutations

You cannot wear most types of armour.
You are amphibious.
You can wear up to eight rings at the same time.
Your skin changes colour to match your surroundings (Stealth+).
Your rubbery body absorbs attacks. (AC +1, EV +1)
((You are camouflaged when in or above water. (Stealth+)))
You have tentacles for arms and can constrict up to eight enemies at once.


Message History

The gnoll is moderately wounded.
There is a stone staircase leading up here.
The gnoll hits you with a +0 spear.
You hit the gnoll but do no damage. You grab the gnoll. You squeeze the gnoll.
The gnoll is moderately wounded.
You constrict the gnoll, but do no damage.
The gnoll hits you with a +0 spear.
You are too injured to fight recklessly!
You are too injured to fight recklessly!
Casting: Magic Dart (safe; 7% risk of failure)
Confirm with . or Enter, or press ? or * to list all spells.
Aiming: Magic Dart (safe; 7% risk of failure)
Press: ? - help, Shift-Dir - straight line, f/p - gnoll
Aim: a gnoll, wielding a +0 spear (moderately wounded, constricted by you, 100% to hit)
The magic dart hits the gnoll.
The gnoll is heavily wounded.
You constrict the gnoll, but do no damage.
The gnoll hits you with a +0 spear.
* * * LOW HITPOINT WARNING * * *
Unknown command.
Casting: Magic Dart (safe; 7% risk of failure)
Confirm with . or Enter, or press ? or * to list all spells.
Aiming: Magic Dart (safe; 7% risk of failure)
Press: ? - help, Shift-Dir - straight line, f/p - gnoll
Aim: a gnoll, wielding a +0 spear (heavily wounded, constricted by you, 100% to hit)
You miscast Magic Dart.
You are very lightly contaminated with residual magic.
Nothing appears to happen.
You constrict the gnoll. The gnoll closely misses you.
Unknown command.
Casting: Magic Dart (safe; 7% risk of failure)
Confirm with . or Enter, or press ? or * to list all spells.
Aiming: Magic Dart (safe; 7% risk of failure)
Press: ? - help, Shift-Dir - straight line, f/p - gnoll
Aim: a gnoll, wielding a +0 spear (heavily wounded, constricted by you, 100% to hit)
The magic dart hits the gnoll but does no damage.
The gnoll is heavily wounded.
You constrict the gnoll, but do no damage.
The gnoll hits you with a +0 spear!
You die...

#........# #_# #....#
#....#######.###....#
#........##...##....#
#.....##.#.....#....#
#.###.##.#.....#....###
#.# #.#..#....P#......#
..# #.#..#.....#......#
#.# #.'..###'###.#.####
#.# ###.........@..#
#.# #.....#..g#..# #.#
####..#..##.## #.#
####....#.....#
#.##.......###.##.#
#..#.......# #.##.#
#..#.......###.##.#
##.#.......#......#
#.....g#.........## #


You could see a gnoll.

Vanquished Creatures
  A gnoll (D:1)
  An adder (D:2)
  5 ball pythons (D:1)
  A bat (D:1)
  2 endoplasms
  2 giant cockroaches (D:1)
  2 goblins (D:1)
  4 hobgoblins
  A kobold (D:1)
  A quokka (D:1)
  3 rats
23 creatures vanquished.

Vanquished Creatures (others)
  2 withered plants (D:2)
2 creatures vanquished.

Grand Total: 25 creatures vanquished

Notes
Turn   | Place    | Note
-------+----------+-------------------------------------------
     0 | D:1      | mopl the Octopode Hedge Wizard began the quest for the Orb.
     0 | D:1      | Reached XP level 1. HP: 11/11 MP: 4/4
   163 | D:1      | Reached XP level 2. HP: 14/17 MP: 3/6
   166 | D:1      | Learned a level 2 spell: Blink
   885 | D:2      | Found a burning altar of Makhleb.
   923 | D:2      | Reached XP level 3. HP: 21/21 MP: 5/7
  1043 | D:2      | Found a faded altar of an unknown god.
  1204 | D:1      | Reached skill level 2 in Conjurations
  1204 | D:1      | Reached skill level 2 in Translocations
  1472 | D:2      | Slain by a gnoll

Illustrated notes

Levels and vault maps discovered:
D:1:      mrwooster_arrival_arrow, layout_basic
D:2:      kb_forest_paths, layout_basic, basic_altar,
          shapermc_ecumenical_altar_flowoftime, hangedman_decor_points,
          uniq_terence

Skill      XL: |  1  2  3 |
---------------+----------+-----
Conjurations   | 2 |  2.0
Translocations | 2 |  2.0
Dodging        | |  2.0
Stealth        | |  2.6
Shields        | |  0.2
Spellcasting   | |  3.4
Summonings     | |  1.0

Action                     || total
---------------------------++-------
  Melee: Dagger            ||    27
         Constrict         ||     8
         Tentacles         ||     5
         Punch             ||     1
   Cast: Magic Dart        ||    51
   Stab: Sleeping          ||     4
 Armour: Skin              ||     1
  Dodge: Dodged            ||    15

Table legend: (Time is in decaauts)
 A = Elapsed time spent in this place.
 B = Non-inter-level travel time spent in this place.
 C = Inter-level travel time spent in this place.
 D = Time resting spent in this place.
 E = Time spent auto-exploring this place.
 F = Levels seen in this place.
 G = Mean time per level.
                   A        B        C        D        E       F      G
               +--------+--------+--------+--------+--------+-----+--------+
         Total |   1473 |   1370 |    103 |     77 |   1068 |   2 |  736.5 |
       Dungeon |   1473 |   1370 |    103 |     77 |   1068 |   2 |  736.5 |
               +--------+--------+--------+--------+--------+-----+--------+

Top non-repeatable levels by time:
     D:1: 980 daAuts
     D:2: 493 daAuts
